AoeStats
← waLLefps.

Lombardia

508652049Analyzed
4v4 RM · 7d ago on Sep 23, 2026· 75m 4s· 8 players
Game mode
Random Map
Map size
Large (8 player)
Population
200
Speed
Normal
Resources
Standard
Victory
Conquest
Starting age
Dark Age
Ending age
Imperial Age
RankedLock teamsTeams togetherTeam positionsShared explorationLock speedFull tech treeHidden civsTurbo modeCheats
Victory
Defeat
🇮🇹 Italians · Italy
1443
+12
🇨🇭 Spanish · Switzerland
1388
+14
🇮🇹 Slavs · Italy
1334
+16
🇮🇹 Khmer · Italy
1304
+17
🇹🇷 Berbers · Türkiye
1454
-18
🇹🇷 Franks · Türkiye
1422
-18
🇹🇷 Varangians · Türkiye
1413
-18
🇹🇷 Romans · Türkiye
1061
-5
klostrofobikköstebek
11:08 Feudal Age
12:43 Loom
16:07 Castle Age
14:19 Double-Bit Axe
18:43 Bow Saw
20:58 Wheelbarrow
23:02 Hand Cart
30:22 Imperial Age
28:53 Gold Mining
28:53 Stone Mining
28:31 Ordonnance Companies
29:42 Padded Archer Armor
29:58 Fletching
31:20 Gold Shaft Mining
31:52 Leather Archer Armor
32:01 Bodkin Arrow
32:15 Husbandry
33:44 Scale Barding Armor
33:51 Forging
34:42 Ballistics
35:22 Chemistry
34:57 Cavalier
36:41 Chain Barding Armor
36:57 Iron Casting
38:12 Plate Barding Armor
37:38 Cranequins
39:09 Caravan
40:26 Blast Furnace
39:02 Heavy Mounted Crossbowman
40:35 Siege Engineers
41:58 Paladin
44:24 Murder Holes
54:31 Light Cavalry
62:17 Scale Mail Armor
62:11 Pikeman
62:52 Squires
62:38 Arson
cezinem
13:31 Feudal Age
17:09 Double-Bit Axe
21:20 Castle Age
19:02 Horse Collar
19:26 Gold Mining
20:24 Stone Mining
21:45 Loom
30:30 Imperial Age
30:40 Heavy Plow
31:45 Wheelbarrow
30:58 Town Watch
31:15 Scale Mail Armor
31:15 Padded Archer Armor
31:06 Fletching
32:18 Forging
33:09 Leather Archer Armor
32:53 Pikeman
36:15 Capped Ram
37:08 Ballistas
37:58 Bodkin Arrow
38:42 Halberdier
41:48 Crop Rotation
42:28 Gold Shaft Mining
42:46 Bow Saw
45:11 Hand Cart
44:57 Town Patrol
46:37 Elite Centurion
47:50 Ring Archer Armor
47:55 Iron Casting
48:24 Comitatenses
50:14 Ballistics
50:54 Chemistry
50:24 Scale Barding Armor
50:35 Chain Mail Armor
53:35 Chain Barding Armor
55:13 Plate Barding Armor
55:39 Blast Furnace
55:34 Caravan
57:18 Siege Ram
57:28 Heavy Scorpion
61:14 Masonry
Tameryig1t
11:27 Feudal Age
16:23 Castle Age
14:32 Double-Bit Axe
15:03 Horse Collar
15:41 Stone Mining
15:41 Gold Mining
15:58 Loom
16:49 Wheelbarrow
17:27 Bow Saw
27:44 Hand Cart
27:38 Gold Mining
28:23 Stone Shaft Mining
32:43 Imperial Age
30:25 Heavy Plow
30:53 Caravan
31:24 Coinage
32:26 Ballistics
32:03 Fletching
32:20 Scale Barding Armor
32:26 Forging
33:10 Stone Shaft Mining
32:29 Vendel Legacy
33:08 Bodkin Arrow
33:48 Conscription
32:55 Gothikon
33:23 Elite Jarl
35:02 Chain Barding Armor
35:18 Iron Casting
34:32 Arson
34:47 Squires
34:33 Gambesons
36:20 Chemistry
35:02 Treadmill Crane
35:21 Murder Holes
35:29 Squires
35:37 Scale Mail Armor
36:44 Crop Rotation
37:18 Two-Man Saw
38:13 Town Watch
38:57 Masonry
39:09 Elite Varangian Guard
40:14 Chain Mail Armor
40:59 Blast Furnace
39:59 Bracer
40:36 Plate Barding Armor
40:01 Padded Archer Armor
40:35 Pikeman
41:49 Plate Mail Armor
44:30 Halberdier
50:25 Leather Archer Armor
50:45 Architecture
50:22 Siege Engineers
50:07 Heated Shot
55:50 Banking
55:30 Guilds
55:37 Light Cavalry
56:18 Husbandry
62:49 Bloodlines
62:02 Hussar
64:31 Cavalier
waLLefps.
6:39 Loom
12:25 Feudal Age
13:35 Double-Bit Axe
19:10 Castle Age
17:52 Horse Collar
20:21 Bow Saw
22:20 Fletching
22:36 Padded Archer Armor
22:39 Heavy Plow
25:12 Bodkin Arrow
29:36 Wheelbarrow
32:27 Hand Cart
32:33 Bloodlines
32:23 Gold Mining
32:25 Stone Mining
34:16 Thumb Ring
35:17 Hand Cart
36:30 Gold Shaft Mining
40:07 Imperial Age
39:08 Kasbah
39:29 Town Watch
40:00 Caravan
40:41 Ballistics
41:21 Conscription
41:19 Bracer
42:25 Chemistry
42:18 Elite Camel Archer
46:47 Leather Archer Armor
47:16 Heavy Cavalry Archer
47:22 Elite Genitour
47:38 Heavy Cavalry Archer
50:19 Ring Archer Armor
51:17 Scale Barding Armor
51:23 Forging
51:05 Heavy Cavalry Archer
53:10 Chain Barding Armor
53:26 Iron Casting
53:15 Maghrebi Camels
54:30 Plate Barding Armor
53:25 Light Cavalry
54:06 Husbandry
55:42 Hussar
Dr.Stone
11:24 Feudal Age
15:05 Castle Age
14:10 Double-Bit Axe
14:06 Horse Collar
16:01 Bow Saw
15:54 Heavy Plow
21:51 Wheelbarrow
24:49 Gold Mining
25:17 Hand Cart
29:01 Imperial Age
26:37 Loom
27:18 Scale Mail Armor
27:28 Forging
28:08 Gold Shaft Mining
27:25 Stone Mining
28:15 Chain Mail Armor
27:40 Man-at-Arms
28:21 Squires
28:10 Town Watch
28:30 Stone Mining
28:38 Long Swordsman
30:01 Iron Casting
30:21 Plate Mail Armor
29:29 Two-Handed Swordsman
29:57 Capped Ram
30:56 Siege Engineers
30:16 Champion
32:33 Two-Man Saw
31:26 Siege Ram
33:22 Blast Furnace
34:21 Town Patrol
37:08 Druzhina
37:08 Pikeman
37:33 Heavy Scorpion
38:37 Ballistics
39:17 Chemistry
38:19 Halberdier
43:47 Caravan
50:20 Conscription
63:00 Coinage
72:42 Banking
Spada_Arancio
6:09 Loom
9:02 Feudal Age
9:35 Double-Bit Axe
16:46 Horse Collar
20:51 Bloodlines
23:10 Castle Age
22:01 Forging
22:58 Wheelbarrow
22:31 Scale Barding Armor
23:24 Light Cavalry
24:04 Husbandry
25:18 Chain Barding Armor
28:09 Bow Saw
29:11 Iron Casting
28:58 Town Watch
33:23 Hand Cart
36:03 Imperial Age
35:26 Fletching
35:36 Padded Archer Armor
37:33 Ballistics
36:36 Hussar
39:02 Chemistry
40:09 Double Crossbow
40:29 Conscription
41:26 Plate Barding Armor
41:15 Heavy Scorpion
44:48 Blast Furnace
45:02 Caravan
46:41 Siege Engineers
74:15 Heavy Plow
Monesi28
6:57 Loom
9:12 Feudal Age
10:05 Double-Bit Axe
10:02 Horse Collar
17:00 Wheelbarrow
19:15 Castle Age
18:21 Forging
18:24 Bloodlines
20:32 Bow Saw
20:24 Heavy Plow
21:30 Wheelbarrow
28:00 Town Watch
29:36 Gold Mining
30:24 Scale Barding Armor
30:41 Hand Cart
34:23 Imperial Age
32:16 Chain Barding Armor
32:31 Iron Casting
31:57 Padded Archer Armor
33:36 Fortified Wall
34:51 Iron Casting
34:31 Leather Archer Armor
34:06 Fletching
34:17 Scale Mail Armor
35:45 Conscription
35:47 Silk Road
36:37 Two-Man Saw
37:07 Chemistry
37:53 Blast Furnace
36:16 Crossbowman
37:02 Elite Genoese Crossbowman
38:02 Guilds
37:52 Caravan
38:27 Arbalester
39:49 Coinage
41:00 Bodkin Arrow
41:35 Ring Archer Armor
41:36 Chain Mail Armor
41:56 Plate Barding Armor
41:49 Masonry
42:04 Ballistics
41:41 Murder Holes
42:03 Pirotechnia
42:36 Hoardings
42:47 Crop Rotation
45:35 Devotion
47:41 Bracer
50:32 Plate Mail Armor
54:06 Guard Tower
54:47 Architecture
54:03 Arrowslits
53:47 Capped Ram
54:49 Thumb Ring
60:31 Keep
60:17 Bombard Tower
66:01 Light Cavalry
66:42 Husbandry
66:58 Hussar
NIY01
11:25 Feudal Age
15:17 Castle Age
13:47 Double-Bit Axe
13:49 Horse Collar
16:28 Bow Saw
23:19 Wheelbarrow
25:25 Heavy Plow
26:03 Loom
27:29 Padded Archer Armor
29:20 Hand Cart
29:01 Town Watch
29:52 Sanctity
33:38 Imperial Age
32:29 Scale Barding Armor
32:34 Forging
33:16 Bloodlines
33:06 Husbandry
34:20 Chain Barding Armor
34:36 Iron Casting
33:44 Cavalier
36:35 Plate Barding Armor
35:28 Paladin
36:24 Stone Mining
36:24 Gold Mining
37:55 Ballistics
38:39 Chemistry
37:59 Caravan
39:24 Fletching
41:20 Blast Furnace
40:17 Bodkin Arrow
40:43 Bombard Tower
43:38 Conscription
43:32 Masonry
44:52 Architecture
44:38 Bracer
46:12 Supremacy
46:32 Coinage
47:25 Sappers
50:00 Banking
50:07 Arrowslits
57:24 Fortified Wall
71:12 Elite Conquistador
Connection lost

Rejoining the realm…

Still unreachable

The connection could not be restored.

Session expired

The server has moved on; the page needs a fresh start.